 Dungeon Crawl Stone Soup version 0.31-a0-268-g4392ee761c (webtiles) character file.

Game seed: 16562688932795683650

81837 qw the Marksgargoyle (level 15, -4/98 HPs)
             Began as a Gargoyle Hexslinger on July 14, 2023.
             Was a High Priest of Okawaru.
             Killed from afar by a deep elf knight (37 damage)
             ... with a shard of ice
             ... on level 14 of the Dungeon.
             The game lasted 00:08:30 (16981 turns).

qw the Marksgargoyle (Gargoyle Hexslinger)         Turns: 16981, Time: 00:08:31

Health: -4/98      AC: 37    Str: 13    XL:     15   Next: 71%
Magic:  19/22      EV: 21    Int: 14    God:    Okawaru [*****.]
Gold:   2192       SH:  0    Dex: 24    Spells: 15/16 levels left

rFire   . . .        u - +2 longbow (flame)
rCold   x . .        (shield currently unavailable)
rNeg    + . .        p - +5 ring mail of the Game Afoot {Rampage Fly}
rPois   inf          b - +2 helmet
rElec   +            i - +1 cloak
rCorr   .            (no gloves)
SInv    +            l - +2 pair of boots
Will    ++...        f - amulet of regeneration
Stlth   +++          n - ring "Forget-Me-Not" {rElec rC- Will+ Dex+6 SInv}
HPRegen 1.16/turn    t - +4 ring of protection
MPRegen 0.18/turn

%: rampage
@: heroic, finesse-ful, flying
A: sickness immunity, AC +11, big wings, negative energy resistance 1,
electricity resistance, torment resistance 1, petrification resistance
a: Renounce Religion, Heroism, Finesse, Duel


You were on level 14 of the Dungeon.
You worshipped Okawaru.
Okawaru was extremely pleased with you.
You visited 2 branches of the dungeon, and saw 20 of its levels.
You also visited: Sewer.

You collected 2192 gold pieces.


Innate Abilities, Weirdness & Mutations

You are immune to sickness and miasma.
Your stone body is resilient. (AC +11)
You are immune to poison.
Your large and strong wings let you fly.
You resist negative energy. (rN+)
You are resistant to electric shocks. (rElec)
You are resistant to unholy torment.
You are immune to petrification.


   Skills:
 - Level 13.0(18.0) Fighting
 + Level 19.9(24.9) Ranged Weapons
 - Level 8.0(13.0) Armour
 - Level 8.0(13.0) Dodging
 - Level 1.0 Spellcasting
 - Level 2.6 Hexes
 - Level 10.0 Invocations


You had 15 spell levels left.
You knew the following spells:

 Your Spells              Type           Power      Damage    Failure   Level
a - Slow                  Hex            32%        N/A       16%         1

Your spell library contained the following spells:

 Spells                   Type           Power      Damage    Failure   Level
 Inner Flame              Hex/Fire       4%         N/A       61%         3
 Portal Projectile        Hex/Tloc       8%         N/A       61%         3
 Cause Fear               Hex            4%         N/A       83%         4

Inventory:

Hand Weapons
 u - a +2 longbow of flaming (weapon)
Armour
 b - a +2 helmet (worn)
 i - a +1 cloak (worn)
 l - a +2 pair of boots (worn)
 p - the +5 ring mail of the Game Afoot (worn) {Rampage Fly}
   (You found it on level 5 of the Dungeon)

   Fly:       It grants you flight.
   Rampage:   It bestows one free step when moving towards enemies.
 r - a +1 leather armour of fire resistance
Jewellery
 f - an amulet of regeneration (around neck)
 n - the ring "Forget-Me-Not" (left hand) {rElec rC- Will+ Dex+6 SInv}
   (You found it on level 8 of the Dungeon)

   [ring of dexterity]

   Dex:       It affects your dexterity (+6).
   rC:        It makes you vulnerable to cold.
   rElec:     It insulates you from electricity.
   SInv:      It lets you see invisible.
   Will:      It increases your willpower.
 t - a +4 ring of protection (right hand)
Scrolls
 a - 14 scrolls of identify
 g - 8 scrolls of teleportation
Potions
 c - 3 potions of heal wounds
 d - 2 potions of cancellation
 e - 3 potions of might
 h - 5 potions of enlightenment
 j - 10 potions of curing
 k - a potion of mutation
 o - 3 potions of resistance

Dungeon Overview and Level Annotations

Branches:
Dungeon (15/15)            Temple (0/1) D:6            Lair (5/5) D:9
  Swamp (0/4) Lair:3       Spider (0/4) Lair:3        Slime (0/5) Lair:4
    Orc (0/2) D:9          Vaults (0/5) D:13          Sewer (visited)
 Depths: D:15

Altars:
Ashenzari
Cheibriados
Elyvilon
Fedhas
Gozag
Hepliaklqana
Kikubaaqudgha
Makhleb
Okawaru
Qazlal
Trog
Yredelemnul

Shops:
D:11 (   D:15 :

Portals:
Trove: D:12 (show slimy rune of Zot)
Bailey: D:8

Annotations:
D:7 2 transporters
Lair:1 1 runed translucent door, qw's ghost, novice NaHu


Message History

You kill the yaktaur!
Okawaru accepts your kill.
The great orb of eyes completely misses you.
You shoot an arrow. The arrow hits the great orb of eyes!!
The arrow burns the great orb of eyes.
The great orb of eyes is moderately wounded.
You shoot an arrow.
The arrow hits the great orb of eyes but does no damage.
The great orb of eyes is moderately wounded.
The great orb of eyes gazes at you. You resist with almost no effort.
You shoot an arrow. The arrow hits the great orb of eyes.
The arrow burns the great orb of eyes.
The great orb of eyes is heavily wounded.
You shoot an arrow. The arrow hits the great orb of eyes!
The arrow burns the great orb of eyes!
The great orb of eyes is severely wounded.
You shoot an arrow. The arrow hits the great orb of eyes.
The arrow burns the great orb of eyes.
The great orb of eyes is almost dead.
The great orb of eyes completely misses you.
The deep elf pyromancer casts a spell.
You shoot an arrow. The arrow hits the great orb of eyes!!
The arrow burns the great orb of eyes.
You kill the great orb of eyes!
Okawaru accepts your kill.
The deep elf knight casts a spell at you.
The shard of ice hits you!
You feel a painful chill!
You shoot an arrow. The arrow hits the deep elf knight!
The arrow burns the deep elf knight.
The deep elf knight is moderately wounded.
The deep elf pyromancer hits you with a +0 dagger.
The deep elf pyromancer barely misses you.
You shoot an arrow. The arrow misses the deep elf knight.
You shoot an arrow. The arrow hits the deep elf knight!
The arrow burns the deep elf knight.
The deep elf knight is heavily wounded.
The deep elf knight casts a spell at you.
The shard of ice hits you!!!
You feel a painful chill!
You die...

...777....7.7)7u.H.7
7.77 77....7)7.cu97
### #####7.7#####
7.7.¤¤¤7
777777.7.¤¤¤7
7.......00007
7.......E0E.7
#######
7..+#####ee.7
#...... 7.
#H.eD.#@.7 #......


7 #.Dee #e.7 #.?.... #Zy. #..)..O~~~ #....|. #.u #..77#G~~~ #...... #Q #..7 #.
#...... + +..7 #...... ...7 #...... ...7 #...... 77777 #...... You could see a
deep elf knight, 2 deep elf pyromancers and 2 fire elementals.

Vanquished Creatures
  A frost giant (D:14)
  Nessos (D:15)
  A great orb of eyes (D:14)
  9 hydras
  Harold (Lair:2)
  2 ogre magi (D:14)
  5 centaur warriors
  5 catoblepae
  Erica (D:9)
  4 boulder beetles
  7 two-headed ogres
  3 death yaks (Lair:5)
  Sonja (Lair:2)
  A fire crab (Lair:3)
  Lodul (D:14)
  A skyshark (Lair:4)
  A bog body (Lair:3)
  A wizard (D:13)
  4 lindwurms
  5 deep elf pyromancers
  An orc knight (D:15)
  2 ugly things (D:14)
  2 cyclopes
  3 manticores
  Joseph (D:8)
  8 black mambas
  2 torpor snails (Lair:5)
  10 elephants
  Maurice (D:11)
  13 cane toads
  2 gargoyles
  An unseen horror (D:12)
  11 komodo dragons
  A kobold demonologist (D:12)
  3 rime drakes
  A yaktaur (shapeshifter) (D:14)
  A tengu conjurer (D:14)
  A freezing wraith (D:14)
  4 trolls
  3 meliai (D:13)
  2 polar bears
  Prince Ribbit (Lair:2)
  A hornet (D:14)
  26 blink frogs
  Grinder (D:6)
  5 dream sheep
  Sigmund (D:6)
  A shadow (D:8)
  3 jumping spiders (Lair:3)
  A spriggan (Lair:2)
  A human (D:11)
  3 wraiths
  A vampire (D:11)
  8 wyverns
  4 hogs (D:11)
  55 yaks
  4 basilisks
  2 steam dragons
  2 vampire mosquitoes (D:14)
  2 wargs (D:9)
  2 acid dragons
  18 water moccasins
  2 ice beasts (D:7)
  A swamp drake (D:9)
  4 orc warriors
  A sky beast (D:7)
  3 black bears
  10 ogres
  22 wolves
  16 centaurs
  4 kobold brigands
  10 bullfrogs
  Blork the orc (D:3)
  A scorpion (D:5)
  2 two-headed ogre simulacra (D:12)
  2 cane toad simulacra (D:12)
  A gnoll sergeant (D:11)
  8 wights
  An elephant simulacrum (D:12)
  14 killer bees
  An electric eel (Lair:3)
  2 vampire bats (D:10)
  3 howler monkeys
  A bullfrog zombie (D:4)
  3 hounds
  3 orc priests (D:7)
  2 jellies
  An iguana (D:5)
  4 gnoll boudas
  6 orc wizards
  Natasha (thrice) (D:4)
  3 spriggan simulacra (D:12)
  A hound skeleton (D:4)
  Robin (D:3)
  22 gnolls
  13 adders
  A shadow imp (D:7)
  2 white imps
  2 ufetubi
  An adder skeleton (D:4)
  3 adder zombies (D:4)
  5 worms
  2 dart slugs
  27 orcs
  8 ball pythons
  2 bat skeletons (D:10)
  2 bat zombies (D:10)
  8 endoplasms
  4 giant cockroaches
  17 goblins
  10 hobgoblins
  2 jackals (Sewer)
  A quokka (D:3)
  7 bats
  4 frilled lizards
  19 kobolds
  14 rats
583 creatures vanquished.

Notes
Turn   | Place    | Note
-------+----------+-------------------------------------------
     0 | D:1      | qw the Gargoyle Hexslinger began the quest for the Orb.
     0 | D:1      | Reached XP level 1. HP: 12/12 MP: 2/2
     0 | D:1      | 0 ||| qw: Version: 0.3-a-52-g30416fa
     0 | D:1      | 0 ||| qw: Game counter: 7940
     0 | D:1      | 0 ||| qw: Melee chars always use a shield: true
     0 | D:1      | 0 ||| qw: God list: Okawaru
     0 | D:1      | 0 ||| qw: Allow faded altars: false
     0 | D:1      | 0 ||| qw: Do Orc after clearing Dungeon:15 true
     0 | D:1      | 0 ||| qw: Do second Lair branch before Depths: true
     0 | D:1      | 0 ||| qw: Lair rune preference: random
     0 | D:1      | 0 ||| qw: Goals: Normal
     0 | D:1      | 0 ||| PLANNING D:1-11
   162 | D:1      | Reached XP level 2. HP: 16/16 MP: 3/3
   252 | D:1      | Reached skill level 3 in Ranged Weapons
   304 | D:1      | Found a faded altar of an unknown god.
   635 | D:1      | Reached XP level 3. HP: 21/21 MP: 4/4
   822 | D:1      | 822 ||| UPGRADING to +0 leather armour.
   832 | D:1      | 832 ||| DROPPING +0 robe.
   833 | D:1      | 833 ||| UPGRADING to amulet of regeneration.
   838 | D:1      | 838 ||| READING 3 scrolls labelled CYT SOLAUSTIA.
   839 | D:1      | 839 ||| READING scroll labelled WUSATO OTATY.
   840 | D:1      | 840 ||| READING scroll labelled ZIAQAE DUPNOETS.
   841 | D:1      | 841 ||| READING 2 scrolls of identify.
   841 | D:1      | 841 ||| IDENTIFYING gluggy blue potion
   842 | D:1      | 842 ||| DROPPING scroll of poison.
   843 | D:1      | 843 ||| DROPPING potion of invisibility.
   999 | D:2      | Reached XP level 4. HP: 25/26 MP: 5/5
  1017 | D:2      | 1017 ||| SWAPPING to +0 arbalest.
  1024 | D:2      | Reached skill level 4 in Ranged Weapons
  1024 | D:2      | 1024 ||| DROPPING +1 sling.
  1421 | D:2      | 1421 ||| READING scroll labelled ZAUG TEADOCS.
  1422 | D:2      | 1422 ||| READING scroll labelled ISOLARPHUTU.
  1423 | D:2      | 1423 ||| READING 2 scrolls of identify.
  1423 | D:2      | 1423 ||| IDENTIFYING green potion
  1424 | D:2      | 1424 ||| DROPPING potion of ambrosia.
  1439 | D:3      | Noticed Robin
  1441 | D:3      | 1441 ||| STAIRDANCE
  1462 | D:2      | HP: 6/26 [goblin/+0 club[Robin] (3)]
  1486 | D:3      | 1486 ||| STAIRDANCE
  1513 | D:3      | Killed Robin
  1514 | D:3      | Reached XP level 5. HP: 30/30 MP: 6/6
  1573 | D:3      | Reached skill level 5 in Ranged Weapons
  1648 | D:3      | Noticed an ogre
  1658 | D:3      | Killed an ogre
  1659 | D:3      | Reached XP level 6. HP: 32/38 MP: 7/7
  1988 | D:3      | 1988 ||| UPGRADING to +1 helmet.
  1993 | D:3      | 1993 ||| UPGRADING to +0 ring mail.
  2003 | D:3      | 2003 ||| DROPPING +0 leather armour.
  2004 | D:3      | 2004 ||| READING scroll labelled ONEULU UTRUIN.
  2005 | D:3      | 2005 ||| READING scroll labelled SUNAD MYSUITERPH.
  2010 | D:3      | 2010 ||| READING scroll labelled LYVVELO TOQUNT.
  2023 | D:4      | Noticed Blork the orc
  2029 | D:4      | 2029 ||| STAIRDANCE
  2039 | D:3      | Killed Blork the orc
  2077 | D:4      | Identified the ring of Wil Man {+Blink Str+6 Int+3}
  2139 | D:4      | Reached XP level 7. HP: 42/43 MP: 8/8
  2261 | D:4      | Noticed Natasha
  2271 | D:4      | Killed Natasha
  2272 | D:4      | Reached skill level 6 in Ranged Weapons
  2295 | D:4      | 2295 ||| READING scroll of brand weapon.
  2295 | D:4      | 2295 ||| BRANDING +1 arbalest of freezing.
  2335 | D:4      | Noticed Natasha
  2344 | D:4      | Killed Natasha
  2510 | D:4      | Identified the amulet of Zuahup {RegenMP Harm Rampage rC+
                  | Stlth+}
  3037 | D:4      | Noticed Natasha
  3038 | D:4      | Killed Natasha
  3206 | D:4      | Identified the +1 dagger of the Secret Shrikes {pain,
                  | *Noise Fragile rCorr Stlth+}
  3207 | D:4      | 3207 ||| UPGRADING to +0 pair of boots.
  3212 | D:4      | 3212 ||| DROPPING amulet of Zuahup {RegenMP Harm Rampage
                  | rC+ Stlth+}.
  3213 | D:4      | 3213 ||| UPGRADING to ring of Wil Man {+Blink Str+6 Int+3}.
  3214 | D:4      | 3214 ||| READING scroll labelled FOPSE AKKE.
  3215 | D:4      | 3215 ||| DRINKING 3 lumpy red potions.
  3239 | D:5      | Entered Level 5 of the Dungeon
  3289 | D:5      | Reached skill level 7 in Ranged Weapons
  3491 | D:5      | Reached XP level 8. HP: 48/48 MP: 9/9
  3498 | D:5      | Reached skill level 8 in Ranged Weapons
  3568 | D:5      | Identified the +5 ring mail of the Game Afoot {Rampage Fly}
  3739 | D:5      | Found an iron altar of Okawaru.
  3740 | D:5      | 3740 ||| PLANNING OKAWARU WORSHIP
  3740 | D:5      | 3740 ||| UPGRADING to +2 robe of fire resistance.
  3750 | D:5      | 3750 ||| DROPPING +0 ring mail.
  3751 | D:5      | 3751 ||| UPGRADING to +5 ring mail of the Game Afoot
                  | {Rampage Fly}.
  3761 | D:5      | 3761 ||| DRINKING 3 smoky brown potions.
  3762 | D:5      | 3762 ||| DRINKING 2 fizzy inky potions.
  3763 | D:5      | 3763 ||| DROPPING 2 potions of attraction.
  3764 | D:5      | 3764 ||| DROPPING potion of degeneration.
  3772 | D:5      | Became a worshipper of Warmaster Okawaru
  3773 | D:5      | 3773 ||| PLANNING D:1-11
  3781 | D:5      | Found a blossoming altar of Fedhas.
  3808 | D:6      | 3808 ||| PLANNING SEWER
  3898 | D:6      | 3898 ||| DRINKING 3 potions of curing.
  3898 | D:6      | 3898 ||| (to cure confusion)
  3912 | D:6      | Found a staircase to the Ecumenical Temple.
  3979 | D:6      | Noticed Sigmund
  3986 | D:6      | Killed Sigmund
  3986 | D:6      | Reached * piety under Okawaru
  3987 | D:6      | Reached skill level 9 in Ranged Weapons
  4060 | D:6      | Found a burning altar of Makhleb.
  4060 | D:6      | Found a broken altar of Ashenzari.
  4071 | D:6      | Reached skill level 1 in Invocations
  4145 | D:6      | Noticed Grinder
  4146 | D:6      | 4146 ||| INVOKING Heroism.
  4148 | D:6      | Killed Grinder
  4149 | D:6      | Reached skill level 6 in Fighting
  4149 | D:6      | Reached XP level 9. HP: 55/55 MP: 7/11
  4206 | D:6      | Reached skill level 3 in Invocations
  4231 | D:6      | Found a glowing drain.
  4236 | D:6      | 4236 ||| READING scroll labelled ZYV PUEXZONK.
  4237 | D:6      | 4237 ||| DRINKING 2 sapphire potions.
  4282 | D:6      | 4282 ||| READING 2 scrolls of identify.
  4282 | D:6      | 4282 ||| IDENTIFYING amethyst potion
  4283 | D:6      | 4283 ||| DROPPING potion of lignification.
  4291 | Sewer    | Entered a sewer
  4369 | Sewer    | Found a glowing silver altar of Zin.
  4406 | D:6      | 4406 ||| PLANNING D:1-11
  4564 | D:6      | 4564 ||| READING scroll labelled LOSEEL FEMM.
  4683 | D:7      | 4683 ||| DRINKING 5 potions of curing.
  4683 | D:7      | 4683 ||| (to cure confusion)
  4684 | D:7      | 4684 ||| FLEEEEING.
  4685 | D:7      | 4685 ||| FLEEEEING.
  4689 | D:7      | 4689 ||| INVOKING Heroism.
  4745 | D:7      | 4745 ||| INVOKING Heroism.
  4748 | D:7      | Reached skill level 10 in Ranged Weapons
  4749 | D:7      | Reached skill level 3 in Armour
  4755 | D:7      | 4755 ||| INVOKING Heroism.
  4791 | D:7      | 4791 ||| INVOKING Heroism.
  4859 | D:7      | Identified the +2 leather armour of Wu Jian's Vengeance
                  | {rPois rN+ rCorr}
  4885 | D:7      | Found a transporter.
  4909 | D:7      | Found a transporter.
  5018 | D:7      | Noticed a cyan ugly thing
  5090 | D:7      | 5090 ||| Stepping ~*~*~tactically~*~*~ (outnumbered).
  5093 | D:7      | 5093 ||| INVOKING Heroism.
  5245 | D:7      | Found a hazy altar of Hepliaklqana.
  5246 | D:7      | Found an opulent altar of Gozag.
  5254 | D:7      | Reached skill level 11 in Ranged Weapons
  5257 | D:7      | 5257 ||| UPGRADING to +0 cloak.
  5262 | D:7      | 5262 ||| DROPPING +2 leather armour of Wu Jian's Vengeance
                  | {rPois rN+ rCorr}.
  5263 | D:7      | 5263 ||| UPGRADING to ring of willpower.
  5264 | D:7      | 5264 ||| DRINKING 2 metallic white potions.
  5359 | D:7      | Reached ** piety under Okawaru
  5360 | D:7      | Reached XP level 10. HP: 63/63 MP: 13/13
  5363 | D:7      | Found a basalt altar of Yredelemnul.
  5366 | D:7      | Found a white marble altar of Elyvilon.
  5650 | D:7      | 5650 ||| DROPPING potion of berserk rage.
  5719 | D:8      | Reached skill level 3 in Dodging
  5728 | D:8      | 5728 ||| Stepping ~*~*~tactically~*~*~ (outnumbered).
  5742 | D:8      | Noticed a two-headed ogre
  5743 | D:8      | 5743 ||| INVOKING Heroism.
  5748 | D:8      | Killed a two-headed ogre
  5754 | D:8      | Found a flagged portal.
  5786 | D:8      | Identified the ring "Forget-Me-Not" {rElec rC- Will+ Dex+6
                  | SInv}
  5824 | D:8      | 5824 ||| INVOKING Heroism.
  5831 | D:8      | Reached *** piety under Okawaru
  5836 | D:8      | 5836 ||| INVOKING Heroism.
  5969 | D:8      | Noticed Joseph
  5977 | D:8      | 5977 ||| INVOKING Heroism.
  5982 | D:8      | Killed Joseph
  5983 | D:8      | Reached skill level 12 in Ranged Weapons
  6061 | D:8      | Found a bloodstained altar of Trog.
  6274 | D:8      | 6274 ||| UPGRADING to ring "Forget-Me-Not" {rElec rC- Will+
                  | Dex+6 SInv}.
  6296 | D:9      | Noticed Erica
  6297 | D:9      | 6297 ||| INVOKING Heroism.
  6298 | D:9      | Killed Erica
  6402 | D:9      | Reached XP level 11. HP: 59/68 MP: 14/14
  6406 | D:9      | 6406 ||| INVOKING Heroism.
  6497 | D:9      | Reached skill level 13 in Ranged Weapons
  6507 | D:9      | Found a staircase to the Orcish Mines.
  6557 | D:9      | 6557 ||| READING scroll of enchant armour.
  6557 | D:9      | 6557 ||| ENCHANTING +1 helmet.
  6608 | D:9      | 6608 ||| FLEEEEING.
  6609 | D:9      | 6609 ||| FLEEEEING.
  6610 | D:9      | 6610 ||| FLEEEEING.
  6611 | D:9      | 6611 ||| FLEEEEING.
  6612 | D:9      | 6612 ||| FLEEEEING.
  6746 | D:9      | Reached **** piety under Okawaru
  6800 | D:9      | Reached skill level 9 in Fighting
  6812 | D:9      | 6812 ||| INVOKING Heroism.
  6845 | D:9      | Found a staircase to the Lair.
  6861 | D:9      | 6861 ||| INVOKING Heroism.
  7001 | D:9      | 7001 ||| PLANNING LAIR
  7001 | D:9      | 7001 ||| READING 4 scrolls of identify.
  7001 | D:9      | 7001 ||| IDENTIFYING yellow potion
  7002 | D:9      | 7002 ||| READING 3 scrolls of identify.
  7002 | D:9      | 7002 ||| IDENTIFYING clear potion
  7076 | Lair:1   | Entered Level 1 of the Lair of Beasts
  7077 | Lair:1   | 7077 ||| INVOKING Heroism.
  7087 | Lair:1   | 7087 ||| STAIRDANCE
  7089 | D:9      | 7089 ||| INVOKING Heroism.
  7122 | Lair:1   | 7122 ||| INVOKING Heroism.
  7156 | Lair:1   | 7156 ||| INVOKING Heroism.
  7401 | Lair:1   | 7401 ||| INVOKING Heroism.
  7573 | Lair:1   | 7573 ||| READING scroll of enchant armour.
  7573 | Lair:1   | 7573 ||| ENCHANTING +0 pair of boots.
  7594 | Lair:1   | 7594 ||| INVOKING Heroism.
  7597 | Lair:1   | Reached skill level 14 in Ranged Weapons
  7807 | Lair:1   | Found a runed translucent door.
  7813 | Lair:1   | Noticed qw's ghost (novice NaHu)
  7842 | Lair:1   | Noticed a catoblepas
  7843 | Lair:1   | 7843 ||| INVOKING Heroism.
  7849 | Lair:1   | Reached skill level 6 in Invocations
  7851 | Lair:1   | Killed a catoblepas
  8152 | Lair:1   | 8152 ||| DROPPING +2 robe of fire resistance.
  8153 | Lair:1   | 8153 ||| READING scroll labelled JIFFAU SIHE.
  8154 | Lair:1   | 8154 ||| READING scroll labelled QIOKUVV TESS.
  8162 | Lair:2   | Noticed Harold
  8163 | Lair:2   | 8163 ||| INVOKING Heroism.
  8169 | Lair:2   | Killed Harold
  8170 | Lair:2   | Reached XP level 12. HP: 55/76 MP: 14/17
  8185 | Lair:2   | 8185 ||| STAIRDANCE
  8218 | Lair:2   | Noticed a seven-headed hydra
  8219 | Lair:2   | 8219 ||| INVOKING Heroism.
  8221 | Lair:2   | Killed a seven-headed hydra
  8221 | Lair:2   | Reached ***** piety under Okawaru
  8445 | Lair:2   | 8445 ||| INVOKING Heroism.
  8479 | Lair:2   | 8479 ||| INVOKING Heroism.
  8480 | Lair:2   | Noticed Prince Ribbit
  8483 | Lair:2   | Killed Prince Ribbit
  8498 | Lair:2   | Identified the -2 cloak of Eternal Night {rPois} (Okawaru
                  | gifted it to you on level 2 of the Lair of Beasts)
  8498 | Lair:2   | Received a gift from Okawaru
  8615 | Lair:2   | 8615 ||| INVOKING Heroism.
  8618 | Lair:2   | Reached skill level 9 in Invocations
  8777 | Lair:2   | 8777 ||| INVOKING Heroism.
  8903 | Lair:2   | Noticed Sonja
  8904 | Lair:2   | 8904 ||| INVOKING Finesse.
  8914 | Lair:2   | Killed Sonja
  9216 | Lair:2   | 9216 ||| DROPPING -2 cloak of Eternal Night {rPois}.
  9217 | Lair:2   | 9217 ||| READING scroll labelled ATINEI DUERGH.
  9334 | Lair:3   | Noticed a catoblepas
  9335 | Lair:3   | 9335 ||| INVOKING Heroism.
  9343 | Lair:3   | 9343 ||| INVOKING Finesse.
  9348 | Lair:3   | Killed a catoblepas
  9466 | Lair:3   | Found a hole to the Spider Nest.
  9469 | Lair:3   | Reached skill level 15 in Ranged Weapons
  9476 | Lair:3   | Reached skill level 6 in Armour
  9516 | Lair:3   | 9516 ||| INVOKING Heroism.
  9521 | Lair:3   | Reached XP level 13. HP: 82/82 MP: 18/20
  9617 | Lair:3   | 9617 ||| INVOKING Heroism.
  9672 | Lair:3   | 9672 ||| INVOKING Heroism.
  9678 | Lair:3   | Received a gift from Okawaru
  9706 | Lair:3   | 9706 ||| INVOKING Heroism.
  9729 | Lair:3   | Reached skill level 16 in Ranged Weapons
  9777 | Lair:3   | 9777 ||| INVOKING Heroism.
  9900 | Lair:3   | Found a staircase to the Swamp.
 10019 | Lair:3   | 10019 ||| INVOKING Heroism.
 10120 | Lair:3   | 10120 ||| DROPPING amulet of the acrobat.
 10121 | Lair:3   | 10121 ||| DROPPING ring of magical power.
 10154 | Lair:4   | 10154 ||| STAIRDANCE
 10272 | Lair:4   | 10272 ||| INVOKING Heroism.
 10349 | Lair:4   | Found a staircase to the Slime Pits.
 10399 | Lair:4   | 10399 ||| INVOKING Heroism.
 10408 | Lair:4   | Reached skill level 6 in Dodging
 10529 | Lair:4   | 10529 ||| INVOKING Heroism.
 10592 | Lair:4   | 10592 ||| INVOKING Heroism.
 10610 | Lair:4   | 10610 ||| INVOKING Heroism.
 10793 | Lair:4   | Found a snail-covered altar of Cheibriados.
 11089 | Lair:4   | 11089 ||| READING scroll labelled UVAUC GOIMEST.
 11107 | Lair:5   | Entered Level 5 of the Lair of Beasts
 11119 | Lair:5   | 11119 ||| INVOKING Heroism.
 11120 | Lair:5   | 11120 ||| INVOKING Finesse.
 11248 | Lair:5   | 11248 ||| INVOKING Heroism.
 11254 | Lair:5   | Reached skill level 17 in Ranged Weapons
 11313 | Lair:5   | 11313 ||| INVOKING Heroism.
 11330 | Lair:5   | 11330 ||| SWAPPING to +0 longbow.
 11331 | Lair:5   | 11331 ||| DROPPING +1 heavy arbalest.
 11374 | Lair:5   | 11374 ||| INVOKING Heroism.
 11383 | Lair:5   | Received a gift from Okawaru
 11413 | Lair:5   | Gained mutation: Your large and strong wings let you fly.
                  | [Gargoyle growth]
 11413 | Lair:5   | Reached XP level 14. HP: 88/90 MP: 21/21
 11482 | Lair:5   | 11482 ||| INVOKING Heroism.
 11549 | Lair:5   | 11549 ||| INVOKING Heroism.
 11666 | Lair:5   | Reached skill level 18 in Ranged Weapons
 11719 | Lair:5   | 11719 ||| INVOKING Heroism.
 11838 | Lair:5   | 11838 ||| Stepping ~*~*~tactically~*~*~ (outnumbered).
 11870 | Lair:5   | 11870 ||| INVOKING Heroism.
 11871 | Lair:5   | 11871 ||| INVOKING Finesse.
 11891 | Lair:5   | Reached skill level 12 in Fighting
 11982 | Lair:5   | 11982 ||| INVOKING Heroism.
 11983 | Lair:5   | 11983 ||| INVOKING Finesse.
 12305 | Lair:5   | 12305 ||| INVOKING Heroism.
 12441 | Lair:5   | Received a gift from Okawaru
 12562 | Lair:5   | 12562 ||| PLANNING D:1-11
 12759 | D:10     | Entered Level 10 of the Dungeon
 13223 | D:10     | Found an ancient bone altar of Kikubaaqudgha.
 13249 | D:10     | 13249 ||| READING scroll labelled MOFROADGHI COPI.
 13249 | D:10     | Identified a scroll of acquirement
 13249 | D:10     | 13249 ||| ACQUIRING 396 gold pieces
 13249 | D:10     | Acquired 396 gold pieces
 13333 | D:11     | 13333 ||| READING scroll of enchant armour.
 13333 | D:11     | 13333 ||| ENCHANTING +1 pair of boots.
 13377 | D:11     | 13377 ||| INVOKING Heroism.
 13475 | D:11     | Noticed Maurice
 13481 | D:11     | Killed Maurice
 13538 | D:11     | Received a gift from Okawaru
 13603 | D:11     | Found Qibodug's Weapon Emporium.
 14002 | D:11     | 14002 ||| PLANNING D
 14067 | D:12     | 14067 ||| INVOKING Heroism.
 14068 | D:12     | 14068 ||| INVOKING Finesse.
 14235 | D:12     | Found a frozen archway.
 14303 | D:12     | 14303 ||| INVOKING Heroism.
 14432 | D:12     | Found a portal to a secret trove of treasure.
 14722 | D:12     | Reached skill level 19 in Ranged Weapons
 15282 | D:12     | 15282 ||| READING 9 scrolls of identify.
 15282 | D:12     | 15282 ||| IDENTIFYING murky orange potion
 15283 | D:12     | 15283 ||| READING 8 scrolls of identify.
 15283 | D:12     | 15283 ||| IDENTIFYING fuming puce potion
 15284 | D:12     | 15284 ||| DROPPING potion of brilliance.
 15401 | D:13     | Reached XP level 15. HP: 92/96 MP: 22/22
 15524 | D:13     | 15524 ||| INVOKING Heroism.
 15573 | D:13     | 15573 ||| INVOKING Heroism.
 15778 | D:13     | 15778 ||| INVOKING Heroism.
 15878 | D:13     | Found a gate to the Vaults.
 16099 | D:13     | 16099 ||| INVOKING Heroism.
 16104 | D:13     | Received a gift from Okawaru
 16229 | D:14     | Noticed Lodul
 16247 | D:14     | Killed Lodul
 16318 | D:14     | You are sucked into a shaft and drop 1 floor!
 16318 | D:15     | Entered Level 15 of the Dungeon
 16335 | D:15     | 16335 ||| Stepping ~*~*~tactically~*~*~ (outnumbered).
 16336 | D:15     | Noticed Nessos
 16337 | D:15     | 16337 ||| Stepping ~*~*~tactically~*~*~ (outnumbered).
 16339 | D:15     | 16339 ||| Stepping ~*~*~tactically~*~*~ (outnumbered).
 16342 | D:15     | 16342 ||| INVOKING Heroism.
 16343 | D:15     | 16343 ||| INVOKING Finesse.
 16375 | D:15     | Killed Nessos
 16432 | D:15     | 16432 ||| SWAPPING to +2 longbow of flaming.
 16433 | D:15     | 16433 ||| DROPPING +0 longbow.
 16449 | D:15     | 16449 ||| READING scroll of enchant armour.
 16449 | D:15     | 16449 ||| ENCHANTING +0 cloak.
 16472 | D:15     | Found Ogeofozaef's Book Shoppe.
 16476 | D:15     | 16476 ||| DROPPING ring of see invisible.
 16544 | D:15     | 16544 ||| DROPPING ring of Wil Man {+Blink Str+6 Int+3}.
 16545 | D:15     | 16545 ||| UPGRADING to +4 ring of protection.
 16547 | D:15     | 16547 ||| DROPPING ring of willpower.
 16620 | D:14     | Found a stormy altar of Qazlal.
 16849 | D:14     | 16849 ||| INVOKING Heroism.
 16856 | D:14     | 16856 ||| Stepping ~*~*~tactically~*~*~ (outnumbered).
 16858 | D:14     | 16858 ||| Stepping ~*~*~tactically~*~*~ (outnumbered).
 16864 | D:14     | 16864 ||| INVOKING Heroism.
 16883 | D:14     | Received a gift from Okawaru
 16932 | D:14     | 16932 ||| Stepping ~*~*~tactically~*~*~ (outnumbered).
 16936 | D:14     | 16936 ||| Stepping ~*~*~tactically~*~*~ (outnumbered).
 16938 | D:14     | 16938 ||| INVOKING Heroism.
 16948 | D:14     | Noticed a frost giant
 16949 | D:14     | 16949 ||| INVOKING Finesse.
 16955 | D:14     | Killed a frost giant
 16981 | D:14     | Killed from afar by a deep elf knight

Levels and vault maps discovered:
D:1:      amcnicky_arrival_feature_with_door, layout_loops_corners,
          ebering_ecumenical_altar_rust, st_stairs_12
D:2:      layout_loops_ring
D:3:      layout_basic, uniq_robin
D:4:      layout_layer_cave, dilly_guarded_unrand_morg, uniq_blork_the_orc
D:5:      layout_rooms, minitemple
D:6:      lemuel_ice_spiral_2, layout_rooms, gammafunk_temple_overflow_elements,
          minmay_temple_entry_junction, lightli_sewer_entry_pipes, uniq_grinder,
          uniq_sigmund
D:7:      gammafunk_steamed_eel, layout_basic,
          nicolae_overflow_macrodata_refinement, grunt_ministairs_8,
          lightli_corner_chamber
D:8:      layout_cave_pools, mainiacjoe_overflow_cross_hatched, enter_bailey_5,
          uniq_joseph
D:9:      layout_rooms, erik_lair_dragon, minmay_orc_entry_guard_dogs,
          uniq_erica
D:10:     layout_small_grid, kennysheep_vampire_church
D:11:     layout_irregular_city, serial_shops, shop, grunt_livestock,
          uniq_maurice
D:12:     layout_layer_cave, enter_trove_0, portal_ice_cave_entry_ice_simulacra
D:13:     layout_loops_ring, david_vaults_1
D:14:     nzn_winding_woodlands_large [nzn_winding_woodlands_5x5_open_star,
          nzn_winding_woodlands_5x15_parted,
          nzn_winding_woodlands_5x5_closed_star,
          nzn_winding_woodlands_center_diamonds,
          nzn_winding_woodlands_15x15_killbox,
          nzn_winding_woodlands_center_triple_pond,
          nzn_winding_woodlands_5x5_default,
          nzn_winding_woodlands_5x15_pathside_ponds,
          nzn_winding_woodlands_5x5_default], layout_long_grid,
          dreamdust_mushroom_princess, grunt_qazlal_sundering, uniq_lodul
D:15:     hangedman_depths_entry_civil_slaughter, layout_long_grid,
          serial_shops, nicolae_book_shop_shelving,
          hangedman_abyss_or_decor_lesser_grid, minmay_misc_feat_room,
          uniq_rupert, uniq_nessos
Lair:1:   layout_small_grid, ebering_ghost_reflecting_pool, st_stairs_5,
          dreamdust_gnoll_shepherd
Lair:2:   layout_cave_pods, eino_small_chamber_without_monster,
          grunt_forest_stairs_clearing, uniq_harold, uniq_prince_ribbit2,
          uniq_sonja
Lair:3:   layout_hall_layers, skrybe_swamp_entry_bodies, spider_nest_entry_a,
          serial_bayou_shore_a
Lair:4:   layout_loops_ring, slime_entry_1, chequers_serial_rivers_micro_c,
          lemuel_centaur_altar
Lair:5:   hangedman_lair_in_review, layout_cave_pods

Skill      XL: |  1  2  3  4  5  6  7  8  9 10 11 12 13 14 15 |
---------------+----------------------------------------------+-----
Ranged Weapons | 3 4 5 7 9 11 12 14 15 17 19 | 19.9
Fighting       | 2 4 6 7 8 9 10 11 12 13 | 13.0
Armour         | 2 3 4 5 6 7 8 |  8.0
Dodging        | 2 4 5 6 7 8 |  8.0
Invocations    | 2 4 6 10 | 10.0
Spellcasting   | |  1.0
Hexes          | |  2.6

Action                     |  1- 3 |  4- 6 |  7- 9 | 10-12 | 13-15 || total
---------------------------+-------+-------+-------+-------+-------++-------
   Fire: Sling             |   124 |       |       |       |       ||   124
         Arbalest          |       |   149 |   264 |   379 |   199 ||   991
         Longbow           |       |       |       |       |   877 ||   877
 Invoke: Heroism           |       |       |     6 |    23 |    31 ||    60
         Finesse           |       |       |       |     2 |     6 ||     8
    Use: Scroll            |     4 |     6 |     5 |     7 |     6 ||    28
         Potion            |       |       |     7 |       |       ||     7
 Armour: Robe              |    20 |       |       |       |       ||    20
         Leather armour    |     8 |    79 |       |       |       ||    87
         Ring mail         |       |    15 |   213 |   191 |   480 ||   899
  Dodge: Dodged            |    45 |   134 |   185 |   335 |   676 ||  1375

Table legend:
 A = Non-vault XP
 B = Vault XP
 C = Vault XP percentage of total XP
 D = Non-vault monster count
 E = Vault monster count
 F = Vault count percentage of total count
                 A         B        C        D         E       F
            +---------+---------+-------+---------+---------+-------
      Total |   76310 |   40601 |  34.7 |     426 |     157 |  26.9
            +---------+---------+-------+---------+---------+-------
        D:1 |      41 |       1 |   2.4 |      25 |       1 |   3.8
        D:2 |      95 |      21 |  18.1 |      18 |      11 |  37.9
        D:3 |     223 |     102 |  31.4 |      21 |       2 |   8.7
        D:4 |     265 |     124 |  31.9 |      15 |       7 |  31.8
        D:5 |     467 |       0 |   0.0 |      17 |       0 |   0.0
        D:6 |     750 |     577 |  43.5 |      14 |      12 |  46.2
        D:7 |    1934 |     122 |   5.9 |      41 |       2 |   4.7
        D:8 |    2588 |     483 |  15.7 |      22 |       5 |  18.5
        D:9 |    2380 |    2261 |  48.7 |      22 |       8 |  26.7
       D:10 |    1293 |     118 |   8.4 |       4 |       6 |  60.0
       D:11 |    4884 |    1448 |  22.9 |      27 |       6 |  18.2
       D:12 |    4157 |     496 |  10.7 |      16 |       8 |  33.3
       D:13 |    6778 |    3155 |  31.8 |      17 |       4 |  19.0
       D:14 |    3833 |   14320 |  78.9 |       6 |      29 |  82.9
       D:15 |    1681 |    1042 |  38.3 |       7 |       1 |  12.5
     Lair:1 |    3994 |    1379 |  25.7 |      16 |       6 |  27.3
     Lair:2 |    7715 |    3432 |  30.8 |      26 |      11 |  29.7
     Lair:3 |    7944 |    1389 |  14.9 |      31 |       4 |  11.4
     Lair:4 |    9395 |     442 |   4.5 |      38 |       4 |   9.5
     Lair:5 |   15893 |    9579 |  37.6 |      43 |      21 |  32.8
      Sewer |       0 |     110 | 100.0 |       0 |       9 | 100.0
            +---------+---------+-------+---------+---------+-------
